 Dungeon Crawl Stone Soup version 0.32-a0-163-g159c032296 (webtiles) character file.

Game seed: 4792303196258524585

669 CraigForest the Ruffian (level 7, -1/67 HPs)
             Began as a Troll Berserker on Feb 11, 2024.
             Was a Priest of Trog.
             Slain by a gnoll
             ... wielding a +0 spear
             ... led by a gnoll bouda
              (4 damage)
             ... on level 4 of the Dungeon.
             The game lasted 00:08:17 (2723 turns).

CraigForest the Ruffian (Troll Berserker)           Turns: 2723, Time: 00:08:17

Health: -1/67      AC:  4    Str: 28    XL:     7   Next: 32%
Magic:  6/6        EV: 10    Int:  3    God:    Trog [***...]
Gold:   249        SH:  0    Dex:  9    Spells: 6/6 levels left

rFire   . .          .
                       - Unarmed
rCold   . . .        (no shield)
rNeg    . . .        a - +0 animal skin
rPois   .            (helmet restricted)
rElec   .            (no cloak)
rCorr   .            (gloves unavailable)
SInv    .            (boots unavailable)
Will    .....        (no amulet)
Stlth   +            (no ring)
HPRegen 1.11/turn    (no ring)
MPRegen 0.10/turn

%: no passive effects
@: no status effects
A: large, unfitting armour, claws 3, regeneration 1, shaggy fur 1, tough skin 1
a: Renounce Religion, Berserk, Trog's Hand


You were on level 4 of the Dungeon.
You worshipped Trog.
Trog was most pleased with you.
You visited 1 branch of the dungeon, and saw 4 of its levels.

You collected 249 gold pieces.

Inventory:

Hand Weapons
 c - a +2 whip of flaming
Missiles
 h - 4 boomerangs (quivered)
Armour
 a - a +0 animal skin (worn)
Jewellery
 j - a ring of flight
Scrolls
 b - a scroll of teleportation {unknown}
 d - 6 scrolls of identify {unknown}
 e - a scroll of enchant armour {unknown}
 i - a scroll of vulnerability {unknown}
 k - a scroll of revelation {unknown}
 l - 5 scrolls of immolation {unknown}
 p - a scroll of fear {unknown}
 q - a scroll of acquirement {unknown}
Potions
 f - a potion of cancellation {unknown}
 g - a potion of degeneration {unknown}
 m - a potion of berserk rage {unknown}
 n - 2 potions of enlightenment {unknown}
 o - a potion of ambrosia {unknown}


   Skills:
 + Level 3.2 Fighting
 + Level 4.1 Dodging
 + Level 1.0 Stealth
 + Level 6.7 Unarmed Combat


You had 6 spell levels left.
You didn't know any spells.
Your spell library was empty.

Dungeon Overview and Level Annotations

Branches:
Dungeon (4/15)
 Temple: D:4-7

Altars:

Shops:
D:1 =   D:4 :


Innate Abilities, Weirdness & Mutations

You are too large for most types of armour.
You have claws for hands.
Your natural rate of healing is unusually fast.
You are covered in fur. (AC +1)
You have tough skin. (AC +1)


Message History

The gnoll bouda closely misses you.
The gnoll hits you from afar with a +1 heavy spear.
The gnoll hits you from afar with a +0 spear.
You scratch the gnoll bouda. Your claw misses the gnoll bouda.
The gnoll bouda is severely wounded.
Your attacks no longer feel as feeble.
The gnoll barely misses you.
The gnoll hits you from afar with a +0 halberd.
The gnoll bouda hits you but does no damage.
The gnoll closely misses you.
You mangle the gnoll bouda!!
You kill the gnoll bouda!
Trog accepts your kill. The gnoll closely misses you.
The gnoll throws a throwing net.
The throwing net hits you.
You become entangled in the net!
The gnoll hits you from afar with a +0 halberd.
The gnoll hits you from afar with a +0 spear.
Your Stealth skill increases to level 1!
You struggle against the net.
The gnoll hits you from afar with a +0 spear.
The gnoll hits you from afar with a +0 halberd.
The gnoll barely misses you.
The gnoll hits you from afar with a +1 heavy spear!
You struggle against the net.
The gnoll barely misses you.
The gnoll hits you from afar with a +0 halberd.
The gnoll hits you from afar with a +0 spear.
You struggle against the net.
The gnoll completely misses you.
The gnoll hits you from afar with a +0 spear.
* * * LOW HITPOINT WARNING * * *
The gnoll barely misses you.
The gnoll hits you from afar with a +0 spear.
* * * LOW HITPOINT WARNING * * *
You struggle against the net.
The gnoll is no longer moving quickly.
The gnoll hits you but does no damage.
The gnoll hits you from afar with a +0 halberd!
* * * LOW HITPOINT WARNING * * *
The gnoll barely misses you. x2
You shred the net and break free!
The gnoll hits you from afar with a +0 spear.
You die...

.#...# #..#..#.#....#
##...####..#.###..<.#
#..#:.#.#.....##....#
..###.....ß.ß.......#
#..#..#.#.....##....#
##...####..#.###....#
.#...# #..#..#.#....#
.#.#.#####..#.##....#
.#.#.#.##..#.#.#@####
...#...##....###).g..#
#).#..####...###ggg...#
##....#.#.#...##K......#
##..##.###....##.......#
#...#.#.#.#....#........
#.##.##.####...#........
..#[###.# #.#..#......>.
##.## #†# ####.#


You could see 4 gnolls and a kobold.

Vanquished Creatures
  The ghost of IdlyInterested the Cutter, an amateur DsFi (D:4)
  An ice beast (D:3)
  A howler monkey (D:4)
  3 bombardier beetles
  A jelly (D:2)
  A gnoll bouda (D:4)
  A sleepcap (D:4)
  7 adders
  4 dart slugs
  A ribbon worm (D:2)
  An orc (D:4)
  9 endoplasms
  11 goblins
  10 hobgoblins
  6 jackals
  5 quokkas
  6 ball pythons
  3 bats
  3 frilled lizards
  7 kobolds
  8 rats
90 creatures vanquished.

Notes
Turn   | Place    | Note
-------+----------+-------------------------------------------
     0 | D:1      | CraigForest the Troll Berserker began the quest for the
                  | Orb.
     0 | D:1      | Reached XP level 1. HP: 22/22 MP: 0/0
   141 | D:1      | Reached XP level 2. HP: 29/29 MP: 1/1
   263 | D:1      | Found Linag's Jewellery Shoppe.
   739 | D:2      | Reached XP level 3. HP: 36/36 MP: 2/2
   874 | D:2      | Found a faded altar of an unknown god.
   895 | D:2      | Reached ** piety under Trog
  1098 | D:2      | Reached XP level 4. HP: 45/45 MP: 3/3
  1134 | D:2      | Reached skill level 4 in Unarmed Combat
  1564 | D:3      | Noticed an ice beast
  1575 | D:3      | Killed an ice beast
  1575 | D:3      | Reached *** piety under Trog
  1576 | D:3      | Reached XP level 5. HP: 21/53 MP: 4/4
  1577 | D:3      | Reached skill level 5 in Unarmed Combat
  2104 | D:3      | Reached XP level 6. HP: 57/61 MP: 5/5
  2232 | D:4      | Found Maocois's Book Shoppe.
  2395 | D:4      | Found a runed translucent door.
  2395 | D:4      | Noticed IdlyInterested's ghost (amateur DsFi)
  2409 | D:4      | Killed IdlyInterested's ghost
  2410 | D:4      | Reached skill level 6 in Unarmed Combat
  2410 | D:4      | Reached XP level 7. HP: 37/67 MP: 6/6
  2719 | D:4      | Reached skill level 1 in Stealth
  2722 | D:4      | HP: 2/67 [gnoll/+0 halberd[a gnoll bouda] (14)]
  2723 | D:4      | Slain by a gnoll

Illustrated notes

Levels and vault maps discovered:
D:1:      ncdulo_lavacross, layout_basic, serial_shops, shop
D:2:      minmay_door_path, layout_loops_ring,
          hellmonk_ecumenical_altar_lost_god, minmay_divided_ellipse
D:3:      layout_loops_corners, minmay_vboxes
D:4:      wad_crossroads, layout_rooms, gammafunk_ghost_grave, serial_shops,
          shop

Skill      XL: |  1  2  3  4  5  6  7 |
---------------+----------------------+-----
Fighting       | 3 |  3.2
Dodging        | 3 4 |  4.1
Unarmed Combat | 4 5 6 |  6.7
Stealth        | 1 |  1.0

Action                     |  1- 3 |  4- 6 |  7- 9 || total
---------------------------+-------+-------+-------++-------
  Melee: Unarmed           |    88 |   108 |    23 ||   219
         Punch             |       |     4 |       ||     4
   Stab: Sleeping          |       |     2 |       ||     2
 Armour: Animal skin       |    35 |    62 |    31 ||   128
  Dodge: Dodged            |    41 |    54 |    22 ||   117

Table legend: (Time is in decaauts)
 A = Elapsed time spent in this place.
 B = Non-inter-level travel time spent in this place.
 C = Inter-level travel time spent in this place.
 D = Time resting spent in this place.
 E = Time spent auto-exploring this place.
 F = Levels seen in this place.
 G = Mean time per level.
                   A        B        C        D        E       F      G
               +--------+--------+--------+--------+--------+-----+--------+
         Total |   2703 |   2655 |     48 |      0 |   2137 |   4 |  675.8 |
       Dungeon |   2703 |   2655 |     48 |      0 |   2137 |   4 |  675.8 |
               +--------+--------+--------+--------+--------+-----+--------+

Top non-repeatable levels by time:
     D:2: 896 daAuts
     D:3: 782 daAuts
     D:1: 532 daAuts
     D:4: 492 daAuts
